 Dungeon Crawl Stone Soup version 0.30-a0-949-g53dc5368d7 (console) character file.

Game seed: 6735233580616553804

81 utis the Shooter (level 4, -4/26 HPs)
             Began as a Tengu Wanderer on Mar 27, 2023.
             Slain by an iguana (8 damage)
             ... on level 3 of the Dungeon.
             The game lasted 00:03:52 (1879 turns).

utis the Shooter (Tengu Wanderer)                   Turns: 1879, Time: 00:03:53

Health: -4/26      AC:  9    Str: 19    XL:     4   Next: 42%
Magic:  5/5        EV:  8    Int:  9    God:
Gold:   71         SH:  0    Dex: 18    Spells: 3/3 levels left

rFire   . . .      SeeInvis .    a - +2 sling
rCold   . . .      Faith    .    (no shield)
rNeg    . . .      Spirit   .    h - +0 chain mail
rPois   .          Reflect  .    (helmet restricted)
rElec   .          Rampage  .    (no cloak)
rCorr   .                        (no gloves)
Will    .....                    (boots unavailable) Stlth
                                 (no amulet)
HPRegen 0.24/turn                S - +6 ring of strength
MPRegen 0.09/turn                (no ring)

@: no status effects
A: beak, talons 3
a: no special abilities


You were on level 3 of the Dungeon.
You visited 1 branch of the dungeon, and saw 3 of its levels.

You collected 71 gold pieces.

Inventory:

Hand Weapons
 a - a +2 sling (weapon)
 b - a +0 mace
Missiles
 j - 20 poisoned darts
Armour
 c - a +0 scale mail
 h - a +0 chain mail (worn)
Jewellery
 S - a +6 ring of strength (left hand)
Scrolls
 f - a scroll of silence {unknown}
 g - a scroll of noise {unknown}
 l - a scroll of brand weapon {unknown}
 m - a scroll of enchant armour {unknown}
 o - a scroll of torment {unknown}
 q - a scroll of identify {unknown}
 r - a scroll of teleportation {unknown}
Potions
 d - a potion of attraction
 e - 5 potions of curing {unknown}
 i - 2 potions of lignification {unknown}
 k - a potion of flight {unknown}
 n - a potion of cancellation {unknown}
 p - a potion of haste {unknown}


   Skills:
 + Level 2.1 Fighting
 - Level 1.1 Maces & Flails
 * Level 4.6 Ranged Weapons
 - Level 4.3 Armour
 + Level 2.3 Dodging


You had 3 spell levels left.
You didn't know any spells.
Your spell library contained the following spells:

 Spells                   Type           Power      Damage    Failure   Level
 Apportation              Tloc           0%         N/A       99%         1
 Necrotise                Necr           0%         1d4       99%         1
 Summon Small Mammal      Summ           0%         N/A       99%         1
 Animate Armour           Summ/Erth      0%         N/A       100%        4
 Blade Hands              Tmut           0%         N/A       100%        5
 Iron Shot                Conj/Erth      0%         9d1       100%        6


Dungeon Overview and Level Annotations

Branches:
Dungeon (3/15)

Altars:

Shops:
D:3 (


Innate Abilities, Weirdness & Mutations

You have a beak for a mouth.
You have claws for feet.


Message History

An iguana comes into view.
An iguana is nearby!
You shoot a sling bullet. The sling bullet hits the iguana.
The iguana is lightly wounded.
The iguana hisses menacingly.
You shoot a sling bullet.
The sling bullet barely misses the iguana.
You shoot a sling bullet.
The sling bullet hits the iguana but does no damage.
The iguana is lightly wounded.
You shoot a sling bullet.
The sling bullet hits the iguana but does no damage.
The iguana is lightly wounded.
You shoot a sling bullet.
The sling bullet closely misses the iguana.
The iguana bites you but does no damage.
You shoot a sling bullet.
The sling bullet barely misses the iguana.
The iguana bites you. The iguana bites you!
You shoot a sling bullet. The sling bullet hits the iguana.
The iguana is moderately wounded.
The iguana barely misses you.
The iguana bites you but does no damage.
You shoot a sling bullet. The sling bullet hits the iguana.
The iguana is heavily wounded.
The iguana bites you.
* * * LOW HITPOINT WARNING * * *
The iguana attacks as you move away! The iguana barely misses you.
The iguana attacks as you move away! The iguana barely misses you.
The iguana attacks as you move away! The iguana bites you.
* * * LOW HITPOINT WARNING * * *
The iguana attacks as you move away!
The iguana bites you but does no damage.
The iguana attacks as you move away! The iguana bites you.
* * * LOW HITPOINT WARNING * * *
The iguana closely misses you. The iguana attacks as you move away!
The iguana bites you.
* * * LOW HITPOINT WARNING * * *
The iguana attacks as you move away! The iguana bites you!
You die...

░..)∩.)..░ ░.░ ░.░ ░.░
░.†....).░░░░.░ ░.░ ░.░
░░.....░......░░░.░░░.░
░░...░░.░░░░.░.....░.░
░.░.░░░.░░░.░.....░.░░░░░.
░...░ ░...................
░░░.░░░.░░░...............
░.░░░░...░░░░.░.░.░.░..▒▒▒▒▒
░......░...Ql.░.....░..▒ ..
░░░..░..░░░░░░░.....░..▒ .
░.░░░..░ ░░...░░..▒
░░.>░...░░ ░...░░..▒
░░░░░░░.)......░ ░...░ ..▒
.....░░.░░░░░..░░░░░░...░
.....░░.░ ░............
........░ ░............
.....░░░░ ░.░..).......


You could see an iguana.

Vanquished Creatures
  3 adders (D:2)
  2 worms (D:2)
  2 ball pythons
  9 bats
  5 endoplasms
  3 giant cockroaches
  5 goblins
  3 hobgoblins
  2 kobolds
  3 quokkas
  3 frilled lizards
  5 rats
45 creatures vanquished.

Notes
Turn   | Place    | Note
-------+----------+-------------------------------------------
     0 | D:1      | utis the Tengu Wanderer began the quest for the Orb.
     0 | D:1      | utis set off with the following items: a +2 sling, a +0
                  | mace, a +0 scale mail, a potion of attraction.
     0 | D:1      | Reached XP level 1. HP: 12/12 MP: 2/2
   141 | D:1      | Reached XP level 2. HP: 16/16 MP: 3/3
   433 | D:1      | Reached XP level 3. HP: 19/20 MP: 4/4
  1120 | D:2      | Reached XP level 4. HP: 12/26 MP: 5/5
  1672 | D:3      | Found Faan's Weapon Shop.
  1879 | D:3      | Slain by an iguana

Illustrated notes

Levels and vault maps discovered:
D:1:      nzn_arrival_depleted_hourglass, layout_rooms
D:2:      layout_loops_ring
D:3:      layout_loops_cross, fedhas_ov_isle_minmay, serial_shops,
          nicolae_shop_advertising_works [nicolae_subvault_shop_adworks], shop,
          nicolae_shop_behind_doors, nicolae_shop_bloodbath_and_beyond, shop,
          gammafunk_ghost_mausoleum, uniq_robin

Skill      XL: |  1  2  3 |
---------------+----------+-----
Ranged Weapons | 4 |  4.6
Dodging        | 2 |  2.3
Fighting       | 2 |  2.1
Maces & Flails | |  1.1
Armour         | |  4.3

Action                     |  1- 3 |  4- 6 || total
---------------------------+-------+-------++-------
  Melee: Mace              |       |     5 ||     5
         Kick              |       |     2 ||     2
         Peck              |       |     1 ||     1
   Fire: Sling             |    95 |    34 ||   129
 Armour: Chain mail        |    40 |    15 ||    55
  Dodge: Dodged            |    32 |    16 ||    48

Table legend: (Time is in decaauts)
 A = Elapsed time spent in this place.
 B = Non-inter-level travel time spent in this place.
 C = Inter-level travel time spent in this place.
 D = Time resting spent in this place.
 E = Time spent auto-exploring this place.
 F = Levels seen in this place.
 G = Mean time per level.
                   A        B        C        D        E       F      G
               +--------+--------+--------+--------+--------+-----+--------+
         Total |   1951 |   1892 |     59 |    367 |   1162 |   3 |  650.3 |
       Dungeon |   1951 |   1892 |     59 |    367 |   1162 |   3 |  650.3 |
               +--------+--------+--------+--------+--------+-----+--------+

Top non-repeatable levels by time:
     D:2: 1090 daAuts
     D:1: 565 daAuts
     D:3: 296 daAuts
